[Event "44th Chess Olympiad Women 2022"]
[Site "Chennai"]
[Date "2022.07.29"]
[Round "1.47"]
[White "Sagastegui, Thamara"]
[Black "Kakulidis, Ellen"]
[Result "0-1"]
[ECO "B22"]
[WhiteElo "1362"]
[BlackElo "2057"]
[Annotator "TA"]
[PlyCount "114"]
[EventDate "2022.07.29"]
[EventType "team-tourn"]
[EventCountry "IND"]
[SourceTitle "playchess.com"]
[Source "ChessBase"]
[SourceQuality "1"]
[WhiteTeam "ARU"]
[BlackTeam "Denmark"]
[BlackTeamCountry "DEN"]
[TimeControl "40/5400+30:1800+30"]

1. e4 c5 2. c3 Nf6 3. e5 Nd5 4. d4 cxd4 5. cxd4 e6 6. Nf3 b6 7. Bc4 Ba6 {[%emt 0:01:43] B22: Sicilian: 2 c3.} 8. Bxa6 Nxa6 9. a3 Be7 {[%emt 0:07:09] The position is equal.} 10. Bd2 Nac7 {[%emt 0:02:02] [#]} 11. Nc3 $146 ({Predecessor:} 11. Qe2 Qc8 12. Nc3 Nxc3 13. Bxc3 Nd5 14. Rc1 Qb7 15. Bd2 O-O 16. O-O Rac8 17. Rfd1 {0-1 (51) Hatzigrigoriou,G (1584)-Kalogeris,I (1860) Kallithea 2010}) 11... Nxc3 12. Bxc3 O-O 13. O-O Nd5 14. Qd2 Rc8 15. Rac1 h6 16. Qd3 Nxc3 17. Rxc3 d6 18. Rfc1 Qd7 19. Qc2 Rxc3 20. Qxc3 dxe5 21. Nxe5 Qd6 22. Qc7 Rd8 23. Qxd6 Bxd6 $11 {[%emt 0:01:42][%mdl 4096] Endgame KRB-KRN} 24. Nc6 Rd7 25. g3 Rc7 26. Rc3 Kf8 27. Nb4 $2 (27. Kg2 $11 {and White has nothing to worry.}) 27... Rxc3 $19 28. bxc3 {[%emt 0:00:10] KB-KN} a5 $2 (28... Bxb4 $19 29. cxb4 Ke7) 29. Nc2 $15 b5 30. Kf1 Ke7 31. Ke2 Kd7 32. Kd3 Kc6 33. c4 bxc4+ 34. Kxc4 a4 $1 35. Nb4+ Kb6 $1 36. d5 e5 $1 37. f3 (37. g4 $15) 37... h5 (37... f5 $1 $17 38. Nc2 h5) 38. Kd3 $2 (38. Na2 $15) 38... Kc5 $2 (38... Bxb4 39. h3 Bxa3) 39. Kc3 $2 (39. g4) 39... f6 (39... g5 $142 40. g4 hxg4 41. fxg4 e4) 40. Kd3 $19 g5 41. Kc3 $2 (41. Na2 $17) 41... g4 42. fxg4 hxg4 43. Nc2 Kxd5 44. Ne3+ Ke6 45. Kc4 Bxa3 {[%emt 0:01:52] And now ...f5 would win.} 46. Nxg4 f5 47. Nf2 Bd6 48. g4 fxg4 49. Nxg4 Kf5 $2 (49... e4 $19 50. Ne3 Bf4) 50. h3 $2 (50. Ne3+ $17 Kf4 51. Nd5+ Kf5 52. h4) 50... Kf4 $1 51. Nf6 e4 (51... a3 $142 52. Kb3 Kf5) 52. Nd5+ {[%emt 0:01:08] [#]} (52. h4 $142 Kf5 53. Nd5) 52... Ke5 $2 ({Better is} 52... Kg3 $1 $19 {( -> ...a3)} 53. Ne3 a3) 53. Ne3 $1 $15 a3 {[%emt 0:00:50][%cal Ba4a3,Ba3a2][%mdl 32] Hoping for ...Kf4.} 54. Kb3 $2 (54. Nc2 $15) 54... Kf4 55. Nc2 e3 56. Kc3 Be5+ (56... e2 $142 57. Kd2 Kf3 58. Kc3 {[#]} Bb4+ $1 59. Kxb4 a2 60. Kb3 a1=Q 61. Nxa1 e1=Q 62. Nc2 Qe6+ 63. Kb2 Qxh3 64. Kc3 Ke4+ 65. Kd2 Qb3 66. Ne1 Qe3+ 67. Kd1 Qf2 68. Nc2 Kd3 69. Nb4+ Kc4 70. Nd5 Kxd5 71. Kc1 Kd4 72. Kd1 Kd3 73. Kc1 Qc2#) 57. Kd3 a2 {[%emt 0:01:19] Weighted Error Value: White=1.11/Black=0.69} 0-1

[Event "44th Chess Olympiad Women 2022"]
[Site "Chennai"]
[Date "2022.07.29"]
[Round "1.48"]
[White "Machlik, Edit"]
[Black "Marochkina, Nadezhda Valerevna"]
[Result "1-0"]
[ECO "D36"]
[WhiteElo "2084"]
[BlackElo "1687"]
[Annotator "TA"]
[PlyCount "62"]
[EventDate "2022.07.29"]
[EventType "team-tourn"]
[EventCountry "IND"]
[SourceTitle "playchess.com"]
[Source "ChessBase"]
[SourceQuality "1"]
[WhiteTeam "Norway"]
[BlackTeam "Senegal"]
[WhiteTeamCountry "NOR"]
[BlackTeamCountry "SEN"]
[TimeControl "40/5400+30:1800+30"]

1. d4 d5 2. c4 e6 3. Nc3 Nf6 4. cxd5 exd5 5. Bg5 Be7 6. e3 c6 7. Qc2 Nbd7 8. Bd3 Nf8 9. h3 Ne6 10. Bh4 g6 11. Nf3 Ng7 12. O-O O-O 13. Bxf6 Bxf6 {[%emt 0:00:11] D36: Queen's Gambit Declined: Exchange Variation: Main line (5 Bg5 c6 6 Qc2).} 14. b4 {[%emt 0:00:08] [#]} Nf5 $146 ({Predecessor:} 14... a6 15. a4 Bf5 16. b5 a5 17. bxc6 bxc6 18. Rab1 Rc8 19. Ne2 Qd7 20. Nf4 Rfe8 21. Rfc1 {½-½ (63) Moroni,L (2565)-Abasov,N (2641) Chess.com INT 2019}) 15. b5 cxb5 {[%emt 0:05:41] The position is equal.} 16. Nxb5 Bd7 17. Qb3 Ne7 18. Rfc1 Bc6 19. Nc3 {[%emt 0:04:19] 0x0.0019ed9b34e3dp-1022s more active pieces. The black rooks are badly placed.} a6 20. Ne1 Qa5 21. a4 Rfd8 22. Be2 Nc8 (22... Nf5 $14) 23. Nd3 $16 Be7 24. Bf3 Nb6 25. Ne5 (25. Rab1 $16 Nxa4 26. Nxa4 Qxa4 27. Qxa4 Bxa4 28. Rxb7) 25... Rac8 {[%emt 0:00:36] [#]} (25... Kg7 $14) 26. Bg4 (26. Rab1 $1 $16 f6 27. Nxc6 (27. Qxb6 Qxb6 28. Rxb6 fxe5 $16) 27... Rxc6 28. Ne2 Rxc1+ 29. Rxc1) 26... f5 27. Bf3 {[%emt 0:01:44] And now Rab1 would win.} Kg7 28. g4 (28. Ne2 $16) 28... Nc4 $11 29. Nxc4 (29. Ne2 $11) 29... dxc4 $17 30. Qd1 Bb4 {[%emt 0:02:22] A strong pair of Bishops.} 31. Na2 (31. Bxc6 $11 {remains equal.} Rxc6 32. Ne2) 31... Bxa4 {[%emt 0:00:00][%mdl 32768] Weighted Error Value: White=0.27 (precise) /Black=0.17 (very precise) . Loss on time!?} 1-0

[Event "44th Chess Olympiad Women 2022"]
[Site "Chennai"]
[Date "2022.07.29"]
[Round "1.48"]
[White "Ayzenberg, Alena"]
[Black "Sy, Mariama"]
[Result "1-0"]
[ECO "D07"]
[WhiteElo "2023"]
[BlackElo "1211"]
[Annotator "TA"]
[PlyCount "39"]
[EventDate "2022.07.29"]
[EventType "team-tourn"]
[EventCountry "IND"]
[SourceTitle "playchess.com"]
[Source "ChessBase"]
[SourceQuality "1"]
[WhiteTeam "Norway"]
[BlackTeam "Senegal"]
[WhiteTeamCountry "NOR"]
[BlackTeamCountry "SEN"]
[TimeControl "40/5400+30:1800+30"]

1. d4 d5 2. c4 Nf6 3. cxd5 Nxd5 4. Nf3 Nc6 5. e4 Nf6 6. d5 {[%emt 0:12:59] [#] Threatens to win with Qa4. D07: Queen's Gambit: Chigorin Defence.} Nb4 $2 (6... Nxe4 $2 7. Be2 $18) (6... Nb8 $16) 7. Qa4+ $18 Nc6 $2 (7... c6 {might work better.} 8. Qxb4 e6) 8. dxc6 {[%emt 0:00:59] White is clearly winning.} bxc6 {[%emt 0:00:35] [#]} 9. Ne5 $146 ({Predecessor:} 9. Qxc6+ Bd7 10. Qa6 e5 11. Bb5 Bb4+ 12. Bd2 Bc5 13. Nxe5 O-O 14. Bg5 Bb4+ 15. Nc3 Bxb5 16. Qxb5 {1-0 (36) Hughes,C (865)-Losev,V (889) LSS email 2014}) 9... Bb7 10. Qb3 {[%emt 0:04:02][%csl Ge5][%cal Rb3f7] [#]} Qb8 11. Nxf7 (11. Qxf7+ $142 Kd8 12. Nc3) 11... Rg8 12. Ng5 Nd5 13. exd5 cxd5 14. Qf3 Rh8 15. Qf7+ Kd7 16. Qe6+ Ke8 17. Bb5+ {[%emt 0:00:41] White mates.} c6 18. Bxc6+ Bxc6 19. Qxc6+ Kd8 20. Nf7# {[%emt 0:00:14] Black did not feel at home in the position after the opening.  Weighted Error Value: White=0.27 (precise) /Black=1.73} 1-0

[Event "44th Chess Olympiad Women 2022"]
[Site "Chennai"]
[Date "2022.07.29"]
[Round "1.48"]
[White "Sy Mame, Binta"]
[Black "Stanford, Sheila Barth"]
[Result "0-1"]
[ECO "A00"]
[WhiteElo "1256"]
[BlackElo "2097"]
[Annotator "TA"]
[PlyCount "39"]
[EventDate "2022.07.29"]
[EventType "team-tourn"]
[EventCountry "IND"]
[SourceTitle "playchess.com"]
[Source "ChessBase"]
[SourceQuality "1"]
[WhiteTeam "Senegal"]
[BlackTeam "Norway"]
[WhiteTeamCountry "SEN"]
[BlackTeamCountry "NOR"]
[TimeControl "40/5400+30:1800+30"]

1. e3 Nf6 2. d3 d5 3. a3 Bf5 4. h3 {[%emt 0:03:32] [#]} h5 $146 ({Predecessor:} 4... c6 5. f4 Nbd7 6. g4 Be4 7. dxe4 Nxe4 8. Ne2 e6 9. Bg2 Qb6 10. Bxe4 dxe4 {1-0 (33) Jarz,E-Nieke,K freechess.de 2019}) 5. Be2 c5 6. Bd2 {[%emt 0:05:40] A00: Irregular Openings.} (6. b4 $11) 6... Nc6 $15 7. Bf3 (7. Nf3 $15) 7... e5 $17 8. Nc3 {[%emt 0:29:03][%cal Oc3d5] Black is better.} e4 9. dxe4 dxe4 10. Be2 a6 $36 {[%emt 0:04:22][%mdl 2048] Black has strong initiative.} 11. f3 (11. a4 $142) 11... exf3 {[%emt 0:02:50] Black is more active.} (11... Bd6 $142 12. Kf1 Qd7) 12. Nxf3 Qd6 13. Kf2 {[%emt 0:07:40] [#]} (13. O-O $17) 13... O-O-O $1 $19 ({Weaker is} 13... h4 14. Be1 $15) 14. Ng5 (14. Bd3 {is a better defense.} Bxd3 15. cxd3) 14... Ne5 15. e4 Nxe4+ (15... Bxe4 $19 16. Ncxe4 Qd4+ 17. Be3 Nxe4+ 18. Nxe4 Qxe4) 16. Ncxe4 {[%emt 0:01:57] Now White is beyond hope.} (16. Ngxe4 $17 {was forced.} Bxe4 17. Bg5 Bxg2 18. Rg1 (18. Qxd6 Rxd6 19. Kxg2 Rg6 $17) 18... Qxd1 19. Nxd1) 16... Bxe4 {[%emt 0:00:04] Black is clearly better.} 17. Nxe4 Qd4+ 18. Be3 Qxe4 19. Bf3 Qh4+ ({Not} 19... Rxd1 20. Bxe4 Rxh1 21. Rxh1 $15) 20. g3 {[%emt 0:00:00] Weighted Error Value: White=0.45/Black=0.19 (very precise)} 0-1

[Event "44th Chess Olympiad Women 2022"]
[Site "Chennai"]
[Date "2022.07.29"]
[Round "1.49"]
[White "De Rycke, Tyani"]
[Black "Sisior, Angelil"]
[Result "1-0"]
[ECO "B24"]
[WhiteElo "1994"]
[BlackElo "1488"]
[Annotator "TA"]
[PlyCount "65"]
[EventDate "2022.07.29"]
[EventType "team-tourn"]
[EventCountry "IND"]
[SourceTitle "playchess.com"]
[Source "ChessBase"]
[SourceQuality "1"]
[WhiteTeam "Belgium"]
[BlackTeam "PLW"]
[WhiteTeamCountry "BEL"]
[TimeControl "40/5400+30:1800+30"]

1. e4 b6 2. Nc3 c5 3. g3 Nc6 4. Bg2 e5 5. d3 {[%emt 0:00:28] [#]} Be7 $146 ({Predecessor:} 5... Nf6 6. Nge2 h6 7. O-O Be7 8. f4 d6 9. h3 Bd7 10. Be3 Qc8 11. f5 Nd4 {1-0 (22) Serpa,R (2073)-Rovedo,S (1780) Rio de Janeiro 2015}) 6. Be3 {[%emt 0:00:15] B24: Closed Sicilian: 3 g3 sidelines.} Nf6 7. h3 Ba6 8. Qd2 {[%emt 0:03:06] White is slightly better.} O-O 9. Nge2 b5 10. O-O d6 (10... b4 $5 11. Nd5 Nxd5 12. exd5 Nd4 $11) 11. f4 Nd4 12. f5 b4 13. Nd1 Bb7 14. g4 d5 15. Ng3 {[%emt 0:01:23] Hoping for g5.} Kh8 (15... dxe4 $11 {remains equal.} 16. Nxe4 Nxe4 17. Bxe4 Bxe4 18. dxe4 a5) 16. g5 $16 Ng8 17. c3 Nb5 {[%emt 0:03:44] A mistake that costs the game.} (17... dxe4 $16 18. Bxe4 (18. cxd4 cxd4 19. Bf2 e3 $11) 18... Bxe4 19. Nxe4 Nb5) 18. exd5 $18 Nd4 $2 (18... Nd6 {is more resistant.} 19. c4 (19. Bxc5 Bxg5 20. Qf2 Bh4 $16) 19... f6) 19. d6 Bxg2 20. dxe7 ({Less strong is} 20. Kxg2 bxc3 21. bxc3 Bxd6 22. cxd4 cxd4 $18) 20... Nxe7 21. Qxg2 Nd5 22. cxd4 cxd4 23. Bd2 Rc8 24. Rc1 Rxc1 25. Bxc1 Qa5 26. f6 g6 27. Qe4 Re8 28. h4 Re6 29. h5 {[%emt 0:00:48] White wants to mate with hxg6.} Qc7 {[%emt 0:01:05] [#]} 30. Qxd5 (30. hxg6 $142 $1 hxg6 31. Qh1+ Kg8 {[#]} 32. Qh6 $1 Rxf6 33. gxf6 Nxf6 34. Rxf6 Qc8 35. Rxg6+ $1 fxg6 36. Qxg6+ Kf8 37. Nf5 $1) 30... Re8 {[%emt 0:00:59] [#]} 31. hxg6 $1 {[%emt 0:00:22] White mates.} hxg6 (31... fxg6 32. f7) 32. Qh1+ Kg8 {[%emt 0:00:13] [#]} 33. Qh6 $1 {[%emt 0:00:06] Weighted Error Value: White=0.08 (flawless) /Black=0.56} 1-0

[Event "44th Chess Olympiad Women 2022"]
[Site "Chennai"]
[Date "2022.07.29"]
[Round "1.49"]
[White "Sisior, Destiny"]
[Black "Barbier, Wiebke"]
[Result "0-1"]
[ECO "C41"]
[WhiteElo "1298"]
[BlackElo "1970"]
[Annotator "TA"]
[PlyCount "60"]
[EventDate "2022.07.29"]
[EventType "team-tourn"]
[EventCountry "IND"]
[SourceTitle "playchess.com"]
[Source "ChessBase"]
[SourceQuality "1"]
[WhiteTeam "PLW"]
[BlackTeam "Belgium"]
[BlackTeamCountry "BEL"]
[TimeControl "40/5400+30:1800+30"]

1. e4 d6 2. Nf3 Nf6 3. Nc3 e5 4. Bc4 Be7 5. d4 Nbd7 6. Be3 O-O {[%emt 0:00:16] C41: Philidor Defence.} 7. Qd2 c6 8. d5 {[%emt 0:01:13] [#]} (8. a4 $11) 8... Ng4 $146 (8... b5 $15 9. Bb3 b4) ({Predecessor:} 8... b5 9. Bb3 Ng4 10. Bg5 h6 11. h3 Bxg5 12. Nxg5 Ngf6 13. Nf3 a5 14. a3 a4 {1-0 (55) Kubovics,L (1000)-Jurky,M (1432) Liptovsky Mikulas 2016}) 9. h3 Nxe3 10. Qxe3 Nf6 (10... Qb6 $15 {is more appropriate.}) 11. O-O-O $2 {[%emt 0:01:38] [#]} (11. a4 $11) 11... b5 $19 12. Bd3 b4 13. Ne2 c5 (13... cxd5 $19 14. exd5 Bb7) 14. c3 a5 15. g4 a4 16. Nh4 $2 {[%emt 0:00:43] Black continues to play with concentration.} (16. Kb1 $15) 16... Nxd5 17. Qf3 (17. exd5 {was forced.} Bxh4 18. Kb1) 17... Nxc3 ({Don't go for} 17... Bxh4 $2 18. exd5 f5 19. gxf5 $19) 18. bxc3 Bxh4 19. c4 Be6 20. Ng3 Bg5+ 21. Kb2 a3+ 22. Ka1 Qa5 {[%emt 0:00:42][%cal Ob4b3] [#] ...b3! is the strong threat.} 23. Bc2 (23. Be2 {was called for.}) 23... Bxc4 24. Rxd6 Rad8 25. Rhd1 Rxd6 26. Rxd6 Rd8 27. Rd1 Rxd1+ {[%emt 0:03:20] Black mates.} 28. Bxd1 Qd8 29. Nf1 Qd4+ 30. Kb1 Qb2# {[%emt 0:00:06] Weighted Error Value: White=1.12/Black=0.28 (precise)} 0-1

[Event "44th Chess Olympiad Women 2022"]
[Site "Chennai"]
[Date "2022.07.29"]
[Round "1.49"]
[White "Magno, Angelica"]
[Black "Vanduyfhuys, Daria"]
[Result "0-1"]
[ECO "E04"]
[WhiteElo "1211"]
[BlackElo "2094"]
[Annotator "TA"]
[PlyCount "50"]
[EventDate "2022.07.29"]
[EventType "team-tourn"]
[EventCountry "IND"]
[SourceTitle "playchess.com"]
[Source "ChessBase"]
[SourceQuality "1"]
[WhiteTeam "PLW"]
[BlackTeam "Belgium"]
[BlackTeamCountry "BEL"]
[TimeControl "40/5400+30:1800+30"]

1. d4 d5 2. c4 e6 3. Nf3 Nf6 4. g3 dxc4 5. Bg2 Bb4+ 6. Bd2 Nd5 {[%emt 0:05:21] E04: Open Catalan: 5 Nf3.} (6... Be7 $11) 7. O-O Nc6 8. e4 Nb6 {[%emt 0:00:20] [#] White is slightly better.} 9. Bxb4 $146 ({Predecessor:} 9. Be3 O-O 10. Qc2 Be7 11. Rd1 Bd7 12. Nc3 Rc8 13. Qe2 Qe8 14. h4 Nb4 15. Ne5 {1-0 (42) Batsiashvili,N (2460)-Sosa Suarez,C (2063) Vecindario 2020}) 9... Nxb4 10. Qe2 O-O 11. Nbd2 (11. Na3 $11) 11... Nc2 $1 $15 12. Rad1 ({Better is} 12. Rac1 $15 Nxd4 13. Nxd4 Qxd4 14. Nxc4) 12... Nxd4 $17 {[%emt 0:01:08] Black is more active.} 13. Nxd4 Qxd4 14. Nb3 Qf6 (14... Qe5 $142 15. f4 Qb5) 15. e5 Qe7 16. Na5 Qb4 17. Nxb7 {[%emt 0:05:26][%mdl 8192] Loses the game.} (17. Qd2 $17 {is tougher.} Qb5 18. Rfe1) 17... Nd5 $1 $19 18. a3 Qxb7 19. Qxc4 Qb6 {[%emt 0:02:47] [#] White must now prevent ...Ba6.} 20. Rd2 (20. Rfe1 $142) 20... Ba6 {[%emt 0:00:11] Black is clearly winning.} 21. Qc1 Bxf1 22. Qxf1 Rad8 23. Qe1 Rd7 24. Bf3 Rfd8 25. Kg2 {[%emt 0:00:58] [#]} Nf4+ $1 {[%emt 0:00:21] Weighted Error Value: White=0.70/Black=0.13 (very precise)} 0-1

[Event "44th Chess Olympiad Women 2022"]
[Site "Chennai"]
[Date "2022.07.29"]
[Round "1.50"]
[White "Rogule, Laura"]
[Black "Alazmi, Amani"]
[Result "1-0"]
[ECO "A25"]
[WhiteElo "2292"]
[BlackElo "1506"]
[Annotator "TA"]
[PlyCount "81"]
[EventDate "2022.07.29"]
[EventType "team-tourn"]
[EventCountry "IND"]
[SourceTitle "playchess.com"]
[Source "ChessBase"]
[SourceQuality "1"]
[WhiteTeam "Latvia"]
[BlackTeam "Kuwait"]
[WhiteTeamCountry "LAT"]
[BlackTeamCountry "KUW"]
[TimeControl "40/5400+30:1800+30"]

1. c4 e5 2. g3 Nf6 3. Bg2 Bc5 4. e3 Nc6 5. a3 a5 6. Nc3 O-O {[%emt 0:00:59] The main line 6...0-0 scores better than 6...d6.} 7. Nge2 {[%emt 0:04:23] A25: English Opening vs King's Indian with ...Nc6 but without early d3.} Re8 8. O-O h6 9. d3 {[%emt 0:05:19] White has an edge.} d6 10. h3 Bd7 11. Kh2 Qc8 12. b3 Ne7 {[%emt 0:01:06] [#]} 13. e4 $146 ({Predecessor:} 13. Bb2 Ba7 14. Qd2 c6 15. Ne4 Nxe4 16. dxe4 Qc7 17. Rfd1 Nc8 18. Rac1 Be6 19. Nc3 {½-½ (55) Kohlweyer,B (2429)-Janev,E (2428) Triesen 2005}) 13... c6 14. f4 exf4 {[%emt 0:12:07] [#]} (14... Ng6 $11) 15. Bxf4 (15. d4 $1 $16 fxg3+ 16. Nxg3) 15... Ng6 $14 16. Bxh6 {[%emt 0:10:56][%cal Od3d4] d4! is the strong threat.} Ng4+ (16... Re5 $1 $11 {keeps the balance.} 17. d4 Rh5 18. Bxg7 (18. dxc5 Rxh6 19. Rxf6 gxf6 $17) 18... Kxg7 19. Rxf6 (19. dxc5 Bxh3 20. Rxf6 Bxg2+ 21. Kxg2 Qh3+ 22. Kf2 Kxf6 $17) 19... Kxf6) 17. hxg4 $16 {[%emt 0:00:08][%cal Bh3g4,Bg4f5,Bf5e6][%mdl 32] Threatens to win with Bc1.} gxh6 18. d4 {[%emt 0:01:01] Against Ne5} Bb6 19. Qd2 {[%emt 0:06:27] [#] Black must now prevent e5.} Kg7 (19... Bxg4 $16 20. Qxh6 Re6) 20. Rf5 Bd8 21. Raf1 Bxf5 22. gxf5 {[%emt 0:00:18] aiming for Bh3.} Bg5 23. Qd3 $36 {[%emt 0:01:43][%mdl 3072] White has compensation. White is more active.} Nf8 24. Nf4 f6 (24... Qd8 $11) 25. Bh3 {[%emt 0:04:41] White is much more active.} Qd8 (25... Bxf4 $142 26. gxf4 Kh8) 26. Ne6+ Nxe6 27. fxe6 Re7 28. Ne2 Kh8 (28... b5 $16 {was called for.}) 29. d5 $18 Qc7 (29... Qb6 {might work better.} 30. Nf4 Rg8) 30. Nd4 Rh7 31. Bf5 Rg7 32. Bh3 Rh7 $1 33. Qc3 Rf8 34. Nf3 Rg7 (34... cxd5 $16 35. exd5 b5) 35. Nd4 Rh7 $1 36. Kg2 Rg8 37. Nf3 Rhg7 (37... cxd5 {was necessary.} 38. exd5 Qe7) 38. Nxg5 fxg5 (38... Rxg5 $18 39. Qxf6+ Qg7 40. Qxg7+ R5xg7) 39. Rf6 {[%emt 0:00:31][%cal Rf6h6] White mates.} Re8 40. Rf7 Kg8 41. Qxg7# {[%emt 0:30:05] Weighted Error Value: White=0.30/Black=0.49} 1-0

[Event "44th Chess Olympiad Women 2022"]
[Site "Chennai"]
[Date "2022.07.29"]
[Round "1.50"]
[White "Ter-Avetisjana, Agnesa Stepania"]
[Black "Alazmi, Aeshah"]
[Result "1-0"]
[ECO "C62"]
[WhiteElo "1962"]
[BlackElo "1256"]
[Annotator "TA"]
[PlyCount "95"]
[EventDate "2022.07.29"]
[EventType "team-tourn"]
[EventCountry "IND"]
[SourceTitle "playchess.com"]
[Source "ChessBase"]
[SourceQuality "1"]
[WhiteTeam "Latvia"]
[BlackTeam "Kuwait"]
[WhiteTeamCountry "LAT"]
[BlackTeamCountry "KUW"]
[TimeControl "40/5400+30:1800+30"]

1. e4 e5 2. Nf3 Nc6 3. Bb5 d6 4. d4 Bd7 5. O-O Nxd4 6. Nxd4 exd4 7. Bxd7+ Qxd7 8. Qxd4 c5 {C62: Ruy Lopez: Steinitz Defence.} 9. Qd1 {White is more active.} O-O-O 10. c4 {[#]} Be7 $146 {White is slightly better.} ({Predecessor:} 10... h6 11. Nc3 Ne7 12. b3 a6 13. Nd5 Nxd5 14. exd5 Re8 15. Re1 Rxe1+ 16. Qxe1 g5 {0-1 (58) Kehayov,Y (766)-Bromo,A (1050) FICGS email 2014}) 11. Nc3 f5 12. exf5 Qxf5 13. Nd5 Bg5 (13... Kb8 $142) 14. Bxg5 (14. Qh5 $142 h6 15. Re1) 14... Qxg5 $16 15. b4 {[#] aiming for bxc5.} Ne7 $2 {[%mdl 8192] Black cannot hold the game after this.} (15... Nf6 $14) 16. f4 $18 Qh6 17. Nxe7+ Kb8 18. bxc5 dxc5 19. Nd5 Rhf8 20. Rb1 Rxf4 21. Rxf4 Qxf4 22. Nxf4 {[%cal Rd1d8] [#]} Rxd1+ 23. Rxd1 {[%cal Bb1d1,Bd1d7,Bd7b7,Bb7h7][%mdl 32] White threatens Rd7 and mate.} a6 24. Rd7 {White mates.} g5 25. Ne6 h6 26. Nxc5 Kc8 27. Rxb7 g4 28. Rh7 g3 29. Nxa6 gxh2+ 30. Kh1 h5 31. c5 h4 32. c6 h3 33. g4 Kd8 34. g5 Kc8 35. g6 Kd8 36. Nc5 Kc8 37. a4 Kd8 38. a5 Kc8 39. a6 Kd8 40. a7 Kc8 41. a8=N Kd8 42. Nb6 Ke8 43. c7 Kf8 44. c8=B Kg8 45. Be6+ Kf8 46. Nbd7+ Ke8 47. Nf6+ Kd8 48. Nb7# {Weighted Error Value: White=0.09 (flawless) /Black=0.84} 1-0

[Event "44th Chess Olympiad Women 2022"]
[Site "Chennai"]
[Date "2022.07.29"]
[Round "1.50"]
[White "Nema, Rabab Ahmed"]
[Black "Berzina, Ilze"]
[Result "0-1"]
[ECO "D31"]
[WhiteElo "1172"]
[BlackElo "2141"]
[Annotator "TA"]
[PlyCount "86"]
[EventDate "2022.07.29"]
[EventType "team-tourn"]
[EventCountry "IND"]
[SourceTitle "playchess.com"]
[Source "ChessBase"]
[SourceQuality "1"]
[WhiteTeam "Kuwait"]
[BlackTeam "Latvia"]
[WhiteTeamCountry "KUW"]
[BlackTeamCountry "LAT"]
[TimeControl "40/5400+30:1800+30"]

1. d4 d5 2. c4 c6 3. Nc3 e6 4. Nf3 dxc4 5. a4 Bb4 6. e3 b5 7. axb5 cxb5 8. Bd2 {[%emt 0:03:07] D31: Queen's Gambit Declined: Semi-Slav without ...Nf6 (+ Marshall Gambit and Noteboom) and Exchange Variation lines without ...Nf6.} Bxc3 9. bxc3 ({White should try} 9. Bxc3 $11 Qd5 10. Ne5) 9... Nf6 $15 10. Qc2 {[%emt 0:02:17] Black is slightly better.} Bb7 11. Be2 O-O 12. O-O Nbd7 {[%emt 0:00:52][%cal Bb8d7,Bd7f6,Bf6d5,Bd5c3][%mdl 32] [#]} 13. Bc1 $146 ({Predecessor:} 13. Rfb1 Be4 14. Qb2 Bxb1 15. Qxb1 a6 16. Ne1 e5 17. Nc2 Re8 18. Bf3 e4 19. Be2 {0-1 (39) Wibowo,P-Catur,A (2070) Yogyakarta 2016}) 13... Qc7 14. Nd2 Nd5 (14... e5 $17 {Threatens to win with ...exd4.} 15. Rb1 exd4 16. cxd4 a6) 15. e4 Nf4 16. Nf3 ({White should play} 16. Re1) 16... Nf6 $17 {[%emt 0:04:10] Black is more active.} 17. e5 {[%emt 0:10:07] [#] Now White is beyond hope.} (17. Bxf4 $17 Qxf4 18. e5) 17... Be4 $1 $19 18. Qb2 N6d5 {[%emt 0:02:55] Pair of Knights!} 19. Rd1 $2 (19. Bxf4 Nxf4 20. Rfe1) 19... Nxe2+ 20. Qxe2 Nxc3 21. Qe3 Bxf3 22. Qxf3 Nxd1 23. Qxd1 f5 24. Ba3 Rfd8 25. Bd6 Rxd6 26. exd6 Qxd6 {[%emt 0:00:10][%mdl 4096] Endgame KQR-KQR} 27. Qe2 a5 28. Rb1 Qd5 {[%emt 0:01:11] ...b4 is the strong threat.} 29. Re1 b4 30. Qxe6+ Qxe6 31. Rxe6 {[%emt 0:00:09] KR-KR} Rd8 {[%emt 0:00:18] [#] White must now prevent ...c3.} 32. Kf1 Rxd4 {[%emt 0:00:10] aiming for ...c3.} 33. Ra6 c3 {[%emt 0:00:15] ( -> ...c2)} 34. Rc6 b3 {[%emt 0:00:29] Black mates.} 35. Rxc3 b2 36. Rb3 Rb4 37. Rxb4 axb4 {[%emt 0:00:07] KP-KP} 38. Ke2 b1=Q 39. f4 Qc2+ 40. Kf3 Qe4+ 41. Kg3 Qe3+ 42. Kh4 Qxf4+ 43. Kh3 Qg4# {[%emt 0:00:38] Weighted Error Value: White=1.02/Black=0.19 (very precise)} 0-1